 Dungeon Crawl Stone Soup version 0.27-a0-577-ge2a43ba0c9 (webtiles) character file.

Game seed: 13757661105260560897

100 kae the Ruffian (level 4, -1/38 HPs)
             Began as a Naga Transmuter on Mar 9, 2021.
             Slain by an orc
             ... wielding a +0 flail
              (6 damage)
             ... on level 2 of the Dungeon.
             The game lasted 00:01:53 (2122 turns).

kae the Ruffian (Naga Transmuter)                   Turns: 2122, Time: 00:01:53

Health: -1/38      AC:  2    Str: 13    XL:     4   Next: 74%
Magic:  7/7        EV: 10    Int: 13    God:
Gold:   84         SH:  0    Dex: 12    Spells: 3/7 levels left

rFire    . . .     SeeInvis +     - Unarmed
rCold    . . .     Faith    .   (no shield)
rNeg     . . .     Spirit   .   a - +0 robe
rPois    +         Reflect  .   (no helmet)
rElec    .         Harm     .   (no cloak)
rCorr    .         Rampage  .   (no gloves)
Will     .....                  (no barding)
Stlth    +.........             (no amulet)
HPRegen  0.12/turn              (no ring)
MPRegen  0.10/turn              (no ring)

@: brilliant, short of breath, flying, very slow
A: large, see invisible, deformed body, poison resistance, slowness 2, spit
poison 1, naga tail 1, AC +1
a: Spit Poison


You were on level 2 of the Dungeon.
You visited 1 branch of the dungeon, and saw 2 of its levels.

You collected 84 gold pieces.

Inventory:

Armour
 a - a +0 robe (worn)
Jewellery
 j - a ring of willpower
 k - an amulet of faith
Scrolls
 d - a scroll of identify
 h - a scroll of amnesia {unknown}
Potions
 f - a potion of attraction
 i - a potion of flight


   Skills:
 - Level 1.0 Fighting
 - Level 1.5 Dodging
 + Level 4.0 Unarmed Combat
 - Level 2.0 Spellcasting
 + Level 3.3 Transmutations
 * Level 2.5 Poison Magic


You had 3 spell levels left.
You knew the following spells:

 Your Spells              Type           Power      Damage    Failure   Level
a - Beastly Appendage     Tmut           28%        N/A       7%          1
b - Spider Form           Tmut/Pois      6%         N/A       22%         3

Your spell library contained the following spells:

 Spells                   Type           Power      Damage    Failure   Level
 Wereblood                Tmut           14%        N/A       10%         2
 Ice Form                 Ice/Tmut       8%         N/A       78%         4
 Blade Hands              Tmut           7%         N/A       88%         5


Dungeon Overview and Level Annotations

Branches:
Dungeon (2/15)

Altars:


Innate Abilities, Weirdness & Mutations

Your serpentine skin is tough. (AC +1)
You have supernaturally acute eyesight. (SInv)
Armour fits poorly on your strangely shaped body.
Your system is resistant to poisons. (rPois)
You cover ground very slowly.
You can spit poison.
You have a snake-like lower body.


Message History

* * * LOW HITPOINT WARNING * * *
Your Unarmed Combat skill increases to level 4!
Your Poison Magic skill increases to level 2!
As you read the scroll labelled JUVYSA LAMO ACO, it crumbles to dust.
It is a scroll of identify.
f - a potion of attraction The orc hits you with a +0 club.
* * * LOW HITPOINT WARNING * * *
The orc hits you but does no damage. The orc barely misses you.
The goblin hits you.
* * * LOW HITPOINT WARNING * * *
You are confused.
You feel invigorated. The orc hits you but does no damage. The orc hits you.
* * * LOW HITPOINT WARNING * * *
The orc closely misses you. The goblin closely misses you.
You bump into the rock wall.
The orc hits you with a +0 club. The orc hits you.
* * * LOW HITPOINT WARNING * * *
The goblin barely misses you. The orc hits you with a +0 flail.
* * * LOW HITPOINT WARNING * * *
You're too confused to move!
You feel less invigorated.
You feel less confused.
You have got your breath back.
The orc closely misses you. The goblin closely misses you.
The orc closely misses you. The orc misses you.
Abil: Spit Poison
Press: ? - help, Q - select action, (/) - cycle Shift-Dir - straight line, f - orc
Aim: an orc, wielding a +0 club and wearing a +0 scale mail The splash of poison misses the orc.
The orc hits you.
* * * LOW HITPOINT WARNING * * *
The goblin barely misses you. The orc barely misses you.
The orc completely misses you.
It was a potion of brilliance.
You feel clever all of a sudden. The orc barely misses you.
The goblin closely misses you. The orc barely misses you.
It was a potion of flight.
You feel very buoyant.
You fly up into the air.
The orc hits you with a +0 flail.
You die...

... .$#........... ....
.##.......#### .....
##.......#
.....#########........#
...............###.####
.......)....#### #.#
.......[....# #.#
........goo## ###
....#...o@## ###
#######


You could see 3 orcs and a goblin.

Vanquished Creatures
  An orc priest (D:2)
  2 adders (D:2)
  An ooze (D:2)
  2 dart slugs (D:1)
  A leopard gecko (D:1)
  An orc (D:2)
  6 bats
  5 goblins
  6 hobgoblins
  2 jackals (D:2)
  4 kobolds
  6 frilled lizards
  6 rats
43 creatures vanquished.

Notes
Turn   | Place    | Note
-------+----------+-------------------------------------------
     0 | D:1      | kae the Naga Transmuter began the quest for the Orb.
     0 | D:1      | Reached XP level 1. HP: 18/18 MP: 3/3
   201 | D:1      | Reached XP level 2. HP: 15/25 MP: 5/5
  1110 | D:1      | Reached XP level 3. HP: 22/31 MP: 4/6
  1580 | D:1      | Learned a level 3 spell: Spider Form
  1700 | D:2      | Reached skill level 1 in Poison Magic
  1744 | D:2      | Reached XP level 4. HP: 29/38 MP: 3/7
  2115 | D:2      | Reached skill level 4 in Unarmed Combat
  2122 | D:2      | Slain by an orc

Illustrated notes

Levels and vault maps discovered:
D:1:      dpeg_arrival_renting, layout_basic, serial_rivers,
          chequers_serial_rivers_small_a, chequers_serial_rivers_micro_d,
          chequers_serial_rivers_micro_b, chequers_serial_rivers_micro_a,
          chequers_serial_rivers_small_b, chequers_serial_rivers_micro_a
D:2:      cheibrodos_pilgrimage, layout_rooms, minmay_misc_feat_plants

Skill      XL: |  1  2  3  4 |
---------------+-------------+-----
Transmutations | 3 |  3.3
Poison Magic   | 1 2 |  2.5
Unarmed Combat | 4 |  4.0
Fighting       | |  1.0
Dodging        | |  1.5
Spellcasting   | |  2.0

Action                   |  1- 3 |  4- 6 || total
-------------------------+-------+-------++-------
Melee: Unarmed           |    58 |    26 ||    84
       Headbutt          |     2 |     1 ||     3
 Cast: Beastly Appendage |    14 |     6 ||    20
       Spider Form       |     1 |     1 ||     2
 Abil: Spit Poison       |    25 |     6 ||    31
  Use: Potion            |       |     7 ||     7
       Scroll            |       |     1 ||     1
Armor: Robe              |    17 |    10 ||    27
       Skin              |     1 |       ||     1
Dodge: Dodged            |    54 |    45 ||    99

Table legend: (Time is in decaauts)
 A = Elapsed time spent in this place.
 B = Non-inter-level travel time spent in this place.
 C = Inter-level travel time spent in this place.
 D = Time resting spent in this place.
 E = Time spent auto-exploring this place.
 F = Levels seen in this place.
 G = Mean time per level.
                   A        B        C        D        E       F      G
               +--------+--------+--------+--------+--------+-----+--------+
         Total |   2541 |   2528 |     13 |    200 |   2007 |   2 | 1270.5 |
       Dungeon |   2541 |   2528 |     13 |    200 |   2007 |   2 | 1270.5 |
               +--------+--------+--------+--------+--------+-----+--------+

Top non-repeatable levels by time:
     D:1: 1919 daAuts
     D:2: 622 daAuts
